General information
- name: BNet
- type: Ladder team game (AT/RT)
- host: Battle.net
- saver: DINGDONGDELL.
map: GolemsInTheMist
- players: 8
- length: 50:23
- speed: Fast
- version: 1.26 W3XP
- replay type: Public
» download(287 KB)
Players
team 1 (winner)
Donger6969 (
pink | 53 APM | 906 actions | 17:01)
1 Archmage
1 Summon Water Elemental
» actions
| Basic commands | 14 | |
| Build / train | 74 | |
| ESC pressed | 1 | |
| Enter build submenu | 10 | |
| Enter hero's abilities submenu | 1 | |
| Remove unit from queue | 4 | |
| Right click | 576 | |
| Select / deselect | 187 | |
| Use ability | 39 | |
906 total
» units
» buildings
| Altar of Kings | 1 | |
| Farm | 3 | |
| Keep | 1 | |
| Scout Tower | 1 | |
| Town Hall | 1 | |
7 total
» build order
00:34 Altar of Kings
00:43 Farm
00:47 Farm
01:49 Farm
02:36 Keep
03:59 Scout Tower
15:36 Town Hall
» items
| Potion of Healing | 3 | |
| Scroll of Town Portal | 1 | |
4 total
Dorian13 (
blue | 84 APM | 4180 actions | 49:58)
10 Archmage
3 Summon Water Elemental
3 Brilliance Aura
1 Mass Teleport
3 Blizzard
» actions
| Assign group hotkey | 149 | |
| Basic commands | 200 | |
| Build / train | 229 | |
| ESC pressed | 2 | |
| Enter build submenu | 76 | |
| Enter hero's abilities submenu | 10 | |
| Give item / drop item | 10 | |
| Right click | 1360 | |
| Select / deselect | 433 | |
| Select group hotkey | 1287 | |
| Use ability | 424 | |
4180 total
» units
| Peasant | 13 | |
| Footman | 4 | |
| Goblin Shredder | 2 | |
| Gryphon Rider | 7 | |
| Goblin Sapper | 11 | |
| Dragonhawk Rider | 12 | |
| Goblin Zeppelin | 9 | |
58 total
» upgrades
| Swords | 3 | |
| Masonry | 2 | |
| Animal War Training | 1 | |
| Armor | 3 | |
| Storm Hammers | 1 | |
| Cloud | 1 | |
11 total
» buildings
| Barracks | 1 | |
| Altar of Kings | 1 | |
| Farm | 16 | |
| Arcane Vault | 1 | |
| Lumber Mill | 1 | |
| Keep | 3 | |
| Blacksmith | 4 | |
| Town Hall | 2 | |
| Scout Tower | 47 | |
| Guard Tower | 92 | |
| Castle | 3 | |
| Gryphon Aviary | 5 | |
176 total
» build order
01:07 Barracks
01:08 Altar of Kings
01:11 Farm
01:12 Farm
01:19 Farm
02:06 Farm
02:11 Arcane Vault
02:32 Lumber Mill
03:09 Farm
04:08 Keep
04:08 Keep
04:12 Farm
05:29 Blacksmith
06:27 Town Hall
06:29 Scout Tower
06:31 Scout Tower
06:37 Scout Tower
06:39 Scout Tower
06:41 Scout Tower
06:42 Scout Tower
06:43 Scout Tower
06:44 Scout Tower
06:45 Scout Tower
07:11 Guard Tower
07:11 Guard Tower
07:12 Guard Tower
07:12 Guard Tower
07:12 Guard Tower
07:26 Castle
07:27 Castle
07:27 Castle
07:31 Guard Tower
07:32 Guard Tower
07:32 Guard Tower
07:42 Guard Tower
07:42 Guard Tower
07:42 Guard Tower
08:29 Scout Tower
08:30 Scout Tower
08:56 Gryphon Aviary
08:58 Gryphon Aviary
09:02 Guard Tower
09:02 Guard Tower
09:02 Guard Tower
09:03 Guard Tower
09:06 Guard Tower
09:07 Guard Tower
09:12 Scout Tower
09:13 Scout Tower
09:16 Scout Tower
10:28 Gryphon Aviary
10:35 Scout Tower
10:36 Scout Tower
10:40 Scout Tower
11:16 Guard Tower
11:16 Guard Tower
11:16 Guard Tower
11:17 Guard Tower
11:18 Guard Tower
11:18 Guard Tower
11:58 Guard Tower
11:58 Guard Tower
11:59 Guard Tower
12:02 Scout Tower
12:04 Scout Tower
12:10 Blacksmith
12:12 Blacksmith
12:17 Blacksmith
12:51 Guard Tower
12:51 Guard Tower
12:51 Guard Tower
13:08 Scout Tower
13:11 Scout Tower
13:58 Guard Tower
13:58 Guard Tower
13:59 Guard Tower
14:01 Guard Tower
14:01 Guard Tower
14:04 Guard Tower
14:04 Guard Tower
15:31 Scout Tower
15:32 Scout Tower
15:33 Scout Tower
16:04 Guard Tower
16:04 Guard Tower
16:07 Scout Tower
16:09 Guard Tower
16:09 Guard Tower
16:09 Guard Tower
16:10 Guard Tower
16:10 Guard Tower
16:11 Scout Tower
16:12 Scout Tower
16:17 Scout Tower
16:18 Scout Tower
16:39 Guard Tower
16:39 Guard Tower
16:52 Scout Tower
16:53 Scout Tower
16:58 Scout Tower
16:59 Scout Tower
17:04 Farm
17:06 Guard Tower
17:06 Guard Tower
17:07 Guard Tower
17:07 Guard Tower
17:57 Guard Tower
17:57 Guard Tower
17:57 Guard Tower
17:59 Guard Tower
19:22 Farm
19:23 Farm
23:53 Farm
24:08 Farm
24:14 Farm
24:15 Farm
24:16 Farm
24:20 Farm
24:22 Farm
26:37 Gryphon Aviary
26:38 Gryphon Aviary
29:41 Scout Tower
29:43 Scout Tower
29:43 Guard Tower
29:43 Guard Tower
29:44 Guard Tower
29:44 Guard Tower
29:44 Guard Tower
29:46 Scout Tower
29:46 Guard Tower
29:46 Guard Tower
29:53 Town Hall
29:55 Scout Tower
29:56 Scout Tower
29:56 Scout Tower
29:57 Scout Tower
29:58 Scout Tower
29:58 Scout Tower
29:59 Scout Tower
30:02 Scout Tower
30:03 Scout Tower
30:04 Scout Tower
30:05 Scout Tower
30:11 Guard Tower
30:12 Guard Tower
30:30 Guard Tower
30:31 Guard Tower
30:31 Guard Tower
31:05 Guard Tower
31:05 Guard Tower
» items
| Mechanical Critter | 3 | |
| Scroll of Regeneration | 13 | |
| Lesser Clarity Potion | 1 | |
| Staff of Sanctuary | 1 | |
| Scroll of Town Portal | 4 | |
| Ivory Tower | 5 | |
27 total
mark3679 (
purple | 18 APM | 931 actions | 50:23)
4 Blademaster
2 Wind Walk
2 Critical Strike
4 Shadow Hunter
1 Healing Wave
2 Serpent Ward
1 Hex
» actions
| Build / train | 54 | |
| Enter build submenu | 20 | |
| Enter hero's abilities submenu | 8 | |
| Give item / drop item | 1 | |
| Remove unit from queue | 1 | |
| Right click | 348 | |
| Select / deselect | 436 | |
| Use ability | 62 | |
931 total
» units
» upgrades
| Spiked Barricades | 2 | |
| Ranged Weapons | 3 | |
| Armor | 3 | |
| Envenomed Spears | 1 | |
| Reinforced Defenses | 1 | |
10 total
» buildings
| Altar of Storms | 3 | |
| Orc Burrow | 9 | |
| Voodoo Lounge | 1 | |
| War Mill | 1 | |
| Watch Tower | 3 | |
| Stronghold | 1 | |
| Fortress | 1 | |
| Beastiary | 2 | |
21 total
» build order
00:17 Altar of Storms
00:18 Orc Burrow
00:28 Voodoo Lounge
01:22 War Mill
02:09 Orc Burrow
02:46 Watch Tower
03:22 Stronghold
03:36 Orc Burrow
05:08 Orc Burrow
05:12 Watch Tower
05:22 Watch Tower
06:18 Fortress
06:53 Beastiary
06:56 Beastiary
13:11 Orc Burrow
13:12 Orc Burrow
17:33 Orc Burrow
17:40 Orc Burrow
20:53 Altar of Storms
32:28 Altar of Storms
32:38 Orc Burrow
» items
| Healing Salve | 2 | |
| Scroll of Speed | 2 | |
| Lesser Clarity Potion | 3 | |
| Scroll of Town Portal | 2 | |
| Orb of Lightning | 2 | |
11 total
Dblbarrels (
green | 31 APM | 1573 actions | 50:23)
3 Priestess of the Moon
1 Searing Arrows
2 Trueshot Aura
3 Keeper of the Grove
2 Force of Nature
1 Thorns Aura
2 Demon Hunter
1 Immolation
1 Evasion
» actions
| Assign group hotkey | 24 | |
| Basic commands | 236 | |
| Build / train | 81 | |
| Enter build submenu | 20 | |
| Enter hero's abilities submenu | 8 | |
| Right click | 406 | |
| Select / deselect | 448 | |
| Select group hotkey | 269 | |
| Use ability | 81 | |
1573 total
» units
| Wisp | 11 | |
| Dryad | 11 | |
| Goblin Shredder | 1 | |
| Druid of the Claw | 7 | |
| Mountain Giant | 2 | |
32 total
» upgrades
| Strength of the Wild | 3 | |
| Reinforced Hides | 3 | |
| Ultravision | 1 | |
| Abolish Magic | 1 | |
| Druid of the Claw Training | 2 | |
| Nature's Blessing | 1 | |
| Hardened Skin | 1 | |
| Mark of the Claw | 1 | |
| Resistant Skin | 1 | |
| Well Spring | 1 | |
15 total
» buildings
| Moon Well | 8 | |
| Altar of Elders | 1 | |
| Ancient of Wonders | 1 | |
| Hunter's Hall | 1 | |
| Tree of Ages | 1 | |
| Ancient of Lore | 2 | |
| Tree of Life | 2 | |
| Tree of Eternity | 1 | |
| Farm | 3 | |
| Altar of Kings | 1 | |
| Scout Tower | 1 | |
| Arcane Tower | 1 | |
23 total
» build order
00:07 Moon Well
00:11 Altar of Elders
00:52 Ancient of Wonders
01:59 Hunter's Hall
02:33 Moon Well
03:27 Tree of Ages
03:54 Moon Well
05:17 Moon Well
06:07 Ancient of Lore
06:13 Ancient of Lore
08:48 Tree of Life
08:59 Tree of Eternity
11:38 Moon Well
11:40 Moon Well
16:40 Moon Well
16:43 Moon Well
17:19 Farm
17:23 Altar of Kings
17:36 Tree of Life
18:18 Farm
18:34 Farm
23:42 Scout Tower
28:13 Arcane Tower
» items
| Orb of Venom | 5 | |
| Potion of Healing | 8 | |
| Scroll of Town Portal | 4 | |
| Dust of Appearance | 1 | |
| Lesser Clarity Potion | 2 | |
20 total
team 2 (loser)

»
YJC (
orange | 63 APM | 2896 actions | 46:13)
9 Tauren Chieftain
2 War Stomp
3 Endurance Aura
1 Reincarnation
3 Shockwave
» actions
| Assign group hotkey | 44 | |
| Basic commands | 170 | |
| Build / train | 95 | |
| ESC pressed | 3 | |
| Enter build submenu | 25 | |
| Enter hero's abilities submenu | 9 | |
| Give item / drop item | 1 | |
| Right click | 1245 | |
| Select / deselect | 643 | |
| Select group hotkey | 508 | |
| Use ability | 153 | |
2896 total
» units
| Peon | 14 | |
| Troll Headhunter/Berserker | 15 | |
| Shaman | 7 | |
| Troll Witch Doctor | 6 | |
| Wind Rider | 2 | |
| Troll Batrider | 8 | |
52 total
» upgrades
| Troll Regeneration | 1 | |
| Shaman Training | 2 | |
| Witch Doctor Training | 2 | |
| Berserker Upgrade | 1 | |
| Ranged Weapons | 2 | |
| Armor | 1 | |
| Liquid Fire | 1 | |
10 total
» buildings
| Altar of Storms | 1 | |
| Orc Burrow | 5 | |
| War Mill | 1 | |
| Barracks | 2 | |
| Voodoo Lounge | 1 | |
| Stronghold | 1 | |
| Watch Tower | 3 | |
| Fortress | 1 | |
| Spirit Lodge | 2 | |
| Great Hall | 4 | |
| Beastiary | 3 | |
24 total
» build order
00:14 Altar of Storms
00:20 Orc Burrow
01:11 War Mill
01:20 Barracks
01:22 Barracks
01:44 Orc Burrow
02:23 Voodoo Lounge
03:03 Stronghold
04:17 Watch Tower
05:42 Fortress
05:46 Spirit Lodge
06:34 Spirit Lodge
07:34 Orc Burrow
07:36 Orc Burrow
12:34 Great Hall
12:38 Orc Burrow
17:45 Beastiary
17:46 Beastiary
22:15 Beastiary
25:44 Great Hall
31:35 Great Hall
37:13 Great Hall
37:19 Watch Tower
37:21 Watch Tower
» items
| Healing Salve | 5 | |
| Lesser Clarity Potion | 4 | |
| Scroll of Speed | 1 | |
| Scroll of Town Portal | 3 | |
| Orb of Lightning | 1 | |
| Potion of Healing | 4 | |
| Tiny Great Hall | 1 | |
19 total
DINGDONGDELL. (
teal | 55 APM | 2758 actions | 50:23)
8 Blademaster
3 Wind Walk
3 Critical Strike
2 Mirror Image
» actions
| Assign group hotkey | 93 | |
| Basic commands | 84 | |
| Build / train | 78 | |
| Enter build submenu | 22 | |
| Enter hero's abilities submenu | 8 | |
| Give item / drop item | 5 | |
| Remove unit from queue | 1 | |
| Right click | 1243 | |
| Select / deselect | 287 | |
| Select group hotkey | 806 | |
| Use ability | 131 | |
2758 total
» units
| Peon | 8 | |
| Goblin Shredder | 4 | |
| Wind Rider | 8 | |
| Goblin Sapper | 14 | |
| Troll Batrider | 10 | |
44 total
» upgrades
| Reinforced Defenses | 1 | |
| Envenomed Spears | 1 | |
| Liquid Fire | 1 | |
| Ranged Weapons | 2 | |
| Armor | 2 | |
7 total
» buildings
| Altar of Storms | 1 | |
| Orc Burrow | 6 | |
| War Mill | 2 | |
| Voodoo Lounge | 1 | |
| Stronghold | 2 | |
| Watch Tower | 21 | |
| Fortress | 2 | |
| Great Hall | 1 | |
| Beastiary | 3 | |
39 total
» build order
00:07 Altar of Storms
00:22 Orc Burrow
00:45 War Mill
01:13 Voodoo Lounge
02:29 Stronghold
02:30 Stronghold
02:45 Orc Burrow
02:57 Watch Tower
03:50 Watch Tower
04:07 Watch Tower
04:54 Fortress
04:54 Fortress
06:27 Great Hall
07:07 Beastiary
07:29 Beastiary
07:52 Orc Burrow
08:22 Watch Tower
08:23 Watch Tower
08:28 Watch Tower
08:28 Watch Tower
09:55 Watch Tower
09:56 Watch Tower
09:56 Watch Tower
09:58 Watch Tower
09:58 Watch Tower
10:04 Watch Tower
10:40 Beastiary
11:35 War Mill
12:54 Orc Burrow
12:55 Orc Burrow
13:32 Orc Burrow
15:01 Watch Tower
15:01 Watch Tower
15:02 Watch Tower
15:02 Watch Tower
15:03 Watch Tower
18:47 Watch Tower
18:47 Watch Tower
18:48 Watch Tower
» items
| Healing Salve | 6 | |
| Lesser Clarity Potion | 1 | |
| Scroll of Town Portal | 3 | |
| Orb of Lightning | 1 | |
11 total

»
Parabolica (
red | 66 APM | 3312 actions | 50:23)
4 Mountain King
2 Storm Bolt
2 Thunder Clap
4 Archmage
2 Summon Water Elemental
2 Brilliance Aura
» actions
| Assign group hotkey | 21 | |
| Build / train | 116 | |
| Enter build submenu | 39 | |
| Enter hero's abilities submenu | 8 | |
| Give item / drop item | 1 | |
| Remove unit from queue | 3 | |
| Right click | 1085 | |
| Select / deselect | 572 | |
| Select group hotkey | 1302 | |
| Use ability | 165 | |
3312 total
» units
| Peasant | 35 | |
| Footman | 4 | |
| Gryphon Rider | 6 | |
| Knight | 4 | |
| Goblin Zeppelin | 1 | |
| Priest | 8 | |
| Dragonhawk Rider | 9 | |
67 total
» upgrades
| Masonry | 3 | |
| Magic Sentry | 1 | |
| Priest Training | 2 | |
| Swords | 2 | |
| Storm Hammers | 1 | |
| Animal War Training | 1 | |
| Cloud | 1 | |
11 total
» buildings
| Altar of Kings | 1 | |
| Farm | 10 | |
| Lumber Mill | 1 | |
| Barracks | 1 | |
| Scout Tower | 13 | |
| Keep | 1 | |
| Guard Tower | 9 | |
| Arcane Vault | 1 | |
| Arcane Tower | 1 | |
| Arcane Sanctum | 1 | |
| Castle | 1 | |
| Blacksmith | 1 | |
| Gryphon Aviary | 2 | |
| Town Hall | 2 | |
45 total
» build order
00:22 Altar of Kings
00:38 Farm
01:16 Lumber Mill
01:22 Farm
01:28 Barracks
02:03 Farm
02:47 Scout Tower
03:39 Scout Tower
03:43 Keep
03:46 Guard Tower
05:17 Farm
05:21 Scout Tower
05:26 Arcane Vault
06:30 Arcane Tower
06:55 Arcane Sanctum
07:16 Farm
07:20 Scout Tower
07:54 Farm
07:56 Guard Tower
08:46 Farm
08:49 Scout Tower
08:51 Castle
08:57 Blacksmith
09:25 Scout Tower
09:26 Guard Tower
09:36 Gryphon Aviary
10:57 Guard Tower
11:06 Farm
12:56 Town Hall
13:20 Scout Tower
18:01 Guard Tower
19:03 Scout Tower
19:41 Scout Tower
19:42 Guard Tower
19:49 Gryphon Aviary
19:52 Scout Tower
20:40 Scout Tower
20:41 Guard Tower
20:46 Scout Tower
21:15 Farm
21:43 Farm
21:45 Guard Tower
22:39 Town Hall
24:06 Guard Tower
25:47 Scout Tower
26:35 Guard Tower
» items
| Scroll of Town Portal | 5 | |
| Potion of Healing | 1 | |
6 total
Minecraft (
yellow | 41 APM | 768 actions | 18:45)
3 Mountain King
1 Storm Bolt
2 Bash
1 Paladin
1 Holy Light
1 Blood Mage
1 Siphon Mana
» actions
| Assign group hotkey | 20 | |
| Basic commands | 81 | |
| Build / train | 128 | |
| ESC pressed | 2 | |
| Enter build submenu | 17 | |
| Enter hero's abilities submenu | 5 | |
| Right click | 233 | |
| Select / deselect | 146 | |
| Select group hotkey | 54 | |
| Use ability | 82 | |
768 total
» units
| Peasant | 19 | |
| Footman | 20 | |
| Mortar Team | 5 | |
| Spell Breaker | 4 | |
| Siege Engine | 7 | |
55 total
» upgrades
| Plating | 1 | |
| Swords | 1 | |
| Flare | 1 | |
| Magic Sentry | 2 | |
| Fragmentation Shards | 1 | |
| Barrage | 1 | |
| Control Magic | 1 | |
8 total
» buildings
| Altar of Kings | 1 | |
| Farm | 8 | |
| Scout Tower | 2 | |
| Barracks | 1 | |
| Lumber Mill | 1 | |
| Arcane Tower | 3 | |
| Arcane Vault | 1 | |
| Guard Tower | 19 | |
| Keep | 3 | |
| Blacksmith | 1 | |
| Workshop | 1 | |
| Arcane Sanctum | 1 | |
| Castle | 1 | |
43 total
» build order
00:23 Altar of Kings
00:41 Farm
01:29 Scout Tower
01:35 Barracks
01:40 Lumber Mill
02:19 Arcane Tower
02:20 Arcane Tower
02:25 Farm
02:39 Farm
02:43 Arcane Vault
03:04 Scout Tower
03:54 Guard Tower
03:54 Guard Tower
04:11 Keep
04:11 Keep
04:11 Keep
04:33 Blacksmith
04:39 Farm
07:42 Workshop
07:48 Arcane Sanctum
07:59 Farm
08:01 Farm
08:02 Farm
08:03 Farm
09:21 Guard Tower
09:21 Guard Tower
09:21 Guard Tower
09:22 Guard Tower
09:23 Guard Tower
09:23 Guard Tower
09:23 Guard Tower
09:24 Guard Tower
09:24 Guard Tower
10:29 Castle
16:47 Guard Tower
16:47 Guard Tower
» items
| Scroll of Regeneration | 5 | |
| Lesser Clarity Potion | 5 | |
| Potion of Mana | 2 | |
| Ivory Tower | 11 | |
| Potion of Healing | 1 | |
24 total
Chat log
(00:33 / Allies) DINGDONGDELL.: tis ok if i expo here yel?
(00:51 / Allies) Minecraft: this is a rush map
(01:46 / Allies) DINGDONGDELL.: that didnt answer my question but w/e
(01:52 / Allies) YJC: LMAO
(01:53 / All) DINGDONGDELL.: fallout 4 or witcher 3
(02:15 / Allies) YJC: wc3
(02:15 / Allies) Minecraft: its mean u aint even gonna have time to expo u nub
(03:19 / Allies) Parabolica: gogogo
(03:21 / Allies) YJC: nice
(03:29 / Allies) Parabolica: go now
(04:52 / Allies) Parabolica: if anybody tps come to me plz
(04:55 / All) Minecraft: blame it on the alcohol
(07:06 / Allies) Parabolica: main
(07:22 / Allies) YJC: heal and go again
(08:56 / Allies) YJC: omw
(09:14 / All) DINGDONGDELL.: ROMA VICOR
(09:16 / Allies) Parabolica: get main
(09:20 / All) DINGDONGDELL.: VINI VICCI
(09:43 / All) YJC: run bitch
(10:15 / All) Dorian13: I hit the fucking tp scroll
(10:19 / All) Dorian13: I hate battle.net built in latency
(11:01 / Allies) Minecraft: NIGGA IS NO HELP
(11:03 / All) Dorian13: He blows ass
(11:04 / Allies) Minecraft: JUST A LITTLE DIPSHIT
(11:08 / All) Dorian13: can't even militia tp LMFAO
(11:11 / Allies) DINGDONGDELL.: I EXPO'D it will help late game
(11:20 / Allies) Parabolica: wood plz
(13:35 / Allies) Minecraft: NAH DUDE U JUST ADIPSHIT PLAYING AGAINST CREEPS
(13:59 / Allies) Minecraft: WE WINNNIG THE GAME WHILE U PLAYING CPU
(15:10 / All) Dorian13: lmao nice mine placement red
(15:13 / All) Dorian13: your first time playing?
(15:16 / All) DINGDONGDELL.: builds like me lol
(16:02 / All) Dorian13: You clowns suck
(16:12 / All) DINGDONGDELL.: yellow is lucky id ont stab him
(16:14 / All) DINGDONGDELL.: For calling me useless
(16:15 / All) YJC: lol u mass one unit
(16:19 / All) YJC: so skilled
(16:27 / All) Dorian13: yeah and what's your variety of units doing for you/?
(16:27 / All) DINGDONGDELL.: i will not let u expo yellow. apologize
(16:29 / All) Dorian13: not much, shitstain
(16:31 / All) Dorian13: eat my ass faggot
(16:37 / Allies) Minecraft: I DONT GIVE A FUCK
(16:56 / All) DINGDONGDELL.: faggot
(16:59 / Allies) YJC: teal
(17:01 / Allies) YJC: stop
(17:02 / Allies) YJC: wtf
(17:03 / All) DINGDONGDELL.: i will
(17:06 / Allies) DINGDONGDELL.: he has to apologize
(17:19 / Allies) Minecraft: FUCK YO COUCHDUMB NOOB
(17:32 / All) Minecraft: FEED COMING TOP
(17:55 / All) Minecraft: GET READY DORIAN
(18:03 / Allies) YJC: go there
(18:06 / Allies) YJC: blue has mass tower
(18:07 / All) Dorian13: ty
(18:22 / Allies) Minecraft: SEE U WIN THIS NOW
(18:23 / Allies) Minecraft: BITCH
(18:31 / All) DINGDONGDELL.: "see u win this now bitch" - yellow
(20:27 / Allies) Parabolica: cloud ready
(20:32 / Allies) Parabolica: his towers are useless
(21:02 / Allies) YJC: go
(21:03 / Allies) YJC: teal
(21:23 / Allies) YJC: teal wtf
(21:31 / Allies) Parabolica: out
(21:37 / All) Dorian13: amoveamoveamove ez as pie you fucking suck orange
(21:45 / All) YJC: lmao teal just forgot that u were there
(21:56 / All) YJC: lmao ok
(22:07 / All) YJC: try making more than one unit
(22:21 / All) Dorian13: don't need any more to beat a player like you
(22:28 / Allies) YJC: play me 1v1
(23:33 / All) Parabolica: lol
(23:40 / All) DINGDONGDELL.: yel is shit talking me
(23:42 / All) Dorian13: was waiting on more dhawks to kill you
(23:43 / All) DINGDONGDELL.: he is /dnd
(23:48 / All) Dorian13: did you seriously just "lol" me
(23:51 / All) DINGDONGDELL.: whisper yellow
(23:57 / All) Dorian13: I'm about to powerfuck you red
(24:06 / All) Dorian13: I'm going to skullfuck you, retard
(24:06 / All) DINGDONGDELL.: hes talking shit big time
(24:08 / All) Parabolica: lol
(25:03 / All) Parabolica: lol
(25:09 / All) Dorian13: I have mass tp
(25:12 / All) Dorian13: I can keep this up
(25:15 / All) Dorian13: enjoy buying tp scrolls
(25:43 / All) Dorian13: nice level 3 am btw, lmfao
(25:49 / All) Dorian13: time to buy another tp scroll red!!!!
(27:10 / Allies) Parabolica: teal?
(27:12 / Allies) Parabolica: u blind?
(27:14 / All) Dorian13: time for you to tp again
(27:21 / Allies) Parabolica: wow teal
(27:25 / Allies) DINGDONGDELL.: oops
(27:27 / Allies) DINGDONGDELL.: just saw him
(28:10 / All) Dorian13: red, uninstall, you're gutter trash
(28:16 / All) Dorian13: lol
(28:27 / Allies) DINGDONGDELL.: who we hit?
(28:28 / Allies) YJC: we
(28:31 / Allies) YJC: green
(28:46 / Allies) DINGDONGDELL.: ignore if they hit ur main
(28:48 / Allies) DINGDONGDELL.: focus green
(30:07 / Allies) YJC: why
(30:46 / Allies) DINGDONGDELL.: took oug reens army
(31:59 / All) Dorian13: nice unupgraded burrows, trash
(32:10 / All) YJC: lmao leave noob
(32:13 / All) Dorian13: why
(32:14 / All) Dorian13: I win
(32:16 / All) Dorian13: you lose
(32:19 / All) Dorian13: get the fuck out and go hang yourself
(32:22 / All) YJC: i bet
(32:26 / All) DINGDONGDELL.: blue u suck stfu
(32:32 / All) YJC: cry more
(32:34 / All) YJC: bitch
(32:40 / All) Dorian13: cute, you really think you're winning
(32:45 / All) YJC: is someone a little butt hurt?
(32:50 / All) Dorian13: you are
(32:55 / All) YJC: lmao good one
(33:11 / All) Dorian13: time to tp red
(33:14 / Allies) YJC: red do u have cloud?
(33:52 / All) Dorian13: btw
(33:54 / All) Dorian13: that mine is mined out
(34:05 / All) Dorian13: 540 gold left
(34:09 / Allies) YJC: cloud
(34:10 / All) Dorian13: but grats on finally killing it
(34:13 / All) Dorian13: hope you're proud of yourselves
(34:33 / All) YJC: lmao why are u so butt hurt
(34:38 / All) Dorian13: I'm not
(34:40 / All) YJC: stop crying and leave
(34:43 / All) Dorian13: I'm raping you
(34:46 / All) Dorian13: get fucked
(35:50 / All) Dorian13: how much gold do you two have to rebuild
(35:51 / All) Dorian13: I have 5k
(36:21 / All) Dorian13: nice try orange you can leave
(36:22 / Allies) Parabolica: TELL
(36:23 / Allies) Parabolica: TEAL
(36:24 / Allies) Parabolica: WOW
(36:42 / Allies) Parabolica: dude go fuck yourself
(36:44 / Allies) YJC: pay attention teal
(36:55 / Allies) YJC: fuck man
(36:57 / All) Dorian13: lol
(36:58 / All) DINGDONGDELL.: lag
(36:58 / All) Dorian13: lol
(37:03 / Allies) YJC: game could be over if u paid fucking attention
(37:12 / All) Dorian13: 1v4
(37:18 / All) Dorian13: my team was useless
(37:18 / All) Dorian13: lol
(37:29 / Allies) YJC: i need wood
(37:32 / All) Dorian13: enjoying the rape, orange, red?
(37:41 / All) YJC: enjoy being a fucking faggot?
(37:51 / All) DINGDONGDELL.: blue u only have air
(37:52 / All) Dorian13: lol
(37:58 / All) DINGDONGDELL.: that takes no skill
(37:58 / All) YJC: u probably map hack too
(38:00 / All) YJC: cunt
(38:06 / All) YJC: mass towers and mass gryphons
(38:10 / All) DINGDONGDELL.: lrn2 get more than one unit blue
(38:12 / All) Dorian13: if an excuse like that makes you feel betetr about yourself, scrub
(38:13 / All) YJC: and youre still gonna lose
(38:16 / All) Dorian13: how
(38:18 / All) Dorian13: lmfao
(38:20 / All) Dorian13: are you retarded?
(38:23 / All) YJC: ur a fucking loser
(38:23 / All) Dorian13: shit for brains
(38:24 / All) DINGDONGDELL.: we hae the eceonomy advantage
(38:26 / All) DINGDONGDELL.: asshole
(38:28 / All) YJC: literraly a loser
(38:31 / All) YJC: in life
(38:35 / All) Dorian13: lol ok
(38:39 / All) Dorian13: can guarantee my life is better than yours
(38:43 / All) Dorian13: what do you do for a living orange?
(38:46 / All) YJC: nice maphack
(38:47 / All) DINGDONGDELL.: ur prob french canadian blue
(38:53 / All) YJC: im a student
(38:54 / All) Dorian13: yeah I am checking the expos MAPHACK LOL
(38:58 / All) Dorian13: WHAT THE FUCK ELSE WOULD I BE CHECKING
(39:01 / All) Dorian13: YOU FUCKING RETARD
(39:10 / All) YJC: lmao cry cry cry cry\
(39:12 / All) Dorian13: what are you studying
(39:13 / All) YJC: cry cry cry
(39:16 / All) YJC: cry cry
(39:18 / All) YJC: fucking bitch
(39:19 / All) Dorian13: why would I be crying
(39:21 / All) YJC: how old are you
(39:21 / All) Dorian13: when I just raped your ass
(39:25 / All) DINGDONGDELL.: im 29
(39:31 / All) DINGDONGDELL.: and watch dragonball z and naruto
(39:36 / All) Dorian13: what're you studying, bitch boy
(39:40 / All) YJC: business
(39:46 / All) Dorian13: lmao
(39:49 / All) YJC: crying faggot\
(40:01 / All) YJC: your probably like 30 and rage on kids on this game lmfao
(40:04 / All) YJC: u fucking loser
(40:07 / Allies) DINGDONGDELL.: red u ned gold and wood?
(40:17 / Allies) YJC: teal
(40:19 / Allies) YJC: mass units
(40:23 / Allies) YJC: make fucking basts
(40:24 / Allies) YJC: bats
(40:30 / Allies) DINGDONGDELL.: k
(40:31 / Allies) DINGDONGDELL.: bats it is
(40:34 / Allies) DINGDONGDELL.: gonna go over 80
(40:36 / Allies) YJC: jesus lets end this
(40:36 / All) Dorian13: ever hear of the lindy effect, orange
(40:42 / Allies) DINGDONGDELL.: gonna give control that cool? Just touch m ybats
(40:47 / All) Dorian13: real safe choice of study
(40:50 / Allies) YJC: mass them
(41:12 / Allies) YJC: give control
(41:22 / Allies) YJC: i will only control bats
(41:37 / Allies) YJC: red is gone
(41:48 / Allies) DINGDONGDELL.: wtf why
(41:54 / Allies) DINGDONGDELL.: his heroes will make a difference
(41:58 / Allies) DINGDONGDELL.: red
(42:00 / All) Dorian13: red did you enjoy being raped?
(42:05 / All) DINGDONGDELL.: red is afk
(42:11 / All) Dorian13: they never are
(42:22 / All) DINGDONGDELL.: u scared to wait for him?
(42:31 / All) Dorian13: lawl
(43:46 / All) DINGDONGDELL.: yea standoff
(43:56 / All) Dorian13: should I explain the rules
(43:58 / Allies) YJC: dud
(43:59 / Allies) YJC: why
(44:03 / All) DINGDONGDELL.: yea
(44:05 / Allies) YJC: lteal
(44:06 / All) DINGDONGDELL.: ok listen up everyone
(44:06 / All) Dorian13: nice tc control, retard
(44:07 / Allies) YJC: 4wtf4\
(44:10 / All) DINGDONGDELL.: listen up everyone
(44:15 / All) YJC: wow teal
(44:18 / All) YJC: just lost us the game
(44:19 / All) DINGDONGDELL.: this game was rigged from the stawrt
(44:25 / All) YJC: he took away control
(44:26 / All) Dorian13: lol you never had a chance fuckwit
(44:27 / All) DINGDONGDELL.: me and blue are lovers
(44:27 / All) YJC: right there
(44:37 / All) DINGDONGDELL.: we're gonna give u a chance to win tho, with us gone from the game
(44:37 / All) Dorian13: no I wouldn't put it like that
(44:38 / All) YJC: gave me control of bats
(44:41 / All) YJC: then took it away\
(44:42 / All) YJC: teal
(44:43 / All) YJC: wtf
(44:45 / All) YJC: is
(44:46 / All) YJC: wrong
(44:48 / All) YJC: with you
(44:51 / All) DINGDONGDELL.: LOL
(44:55 / All) Dorian13: lmfao
(44:56 / All) DINGDONGDELL.: oj just isnt listening
(44:58 / All) Dorian13: are you retarded orange
(45:01 / All) Dorian13: you aren't listening
(45:01 / All) DINGDONGDELL.: oj read the chat
(45:04 / All) DINGDONGDELL.: u dum ass
(45:04 / All) Dorian13: we were in this together from the start
(45:07 / All) Dorian13: you never had a chance
(45:14 / All) Dorian13: we're going to kill everything
(45:16 / All) Dorian13: including our own stuff
(45:17 / All) YJC: lmao makes sense
(45:22 / All) Dorian13: and you will have to leave your PC on all night to win
(45:26 / All) Dorian13: sound fair?
(45:35 / All) YJC: lol u guys are a joke
(45:37 / All) DINGDONGDELL.: die fat cow
(45:43 / All) DINGDONGDELL.: die brienne of tarth
(45:46 / All) Dorian13: you should be able to recognise how good that is if you're a business major
(45:55 / All) Dorian13: fantastic time for reward
(45:58 / All) DINGDONGDELL.: yea lol
(46:04 / All) DINGDONGDELL.: in business u gotta know when its a wrap
(46:21 / All) Dorian13: think red will stay?
(46:23 / All) Dorian13: 2 people on my team left
(46:27 / All) DINGDONGDELL.: idk
(46:29 / All) DINGDONGDELL.: yea lets just do it
(47:06 / All) DINGDONGDELL.: yel was shit talking me in chat half the game too
(47:11 / All) DINGDONGDELL.: he has it on dnd chat
(47:14 / All) Dorian13: My team was shit lol
(47:15 / All) DINGDONGDELL.: can u whisper him
(47:22 / All) Dorian13: They fucking sucked
(47:23 / All) DINGDONGDELL.: all 3 allies were funnny on mine
(47:33 / All) DINGDONGDELL.: try whisper minecraft
(47:40 / All) Dorian13: dnd lol
(47:43 / All) Dorian13: "weak ass"
(47:44 / All) DINGDONGDELL.: "weak ass"
(47:46 / All) DINGDONGDELL.: lawl
(47:56 / All) DINGDONGDELL.: i told him it was rigged too
(47:59 / All) DINGDONGDELL.: he didnt wwant to olistne
(48:06 / All) DINGDONGDELL.: he was like "u would have lost anyways"
(49:42 / All) Dorian13: Good luck everyone
(49:49 / All) Dorian13: make us proud
(49:52 / All) Dorian13: leave your pcs on all night
(50:00 / All) DINGDONGDELL.: ill whisper u tomorrow if game is still on